 Dungeon Crawl Stone Soup version 0.27.1-33-g824d729ab1 (webtiles) character file.

Game seed: 17108432712206341834

596 Garessta the Conjurer (level 7, 0/46 HPs)
             Began as a Demonspawn Conjurer on Dec 18, 2021.
             Slain by Duvessa (10 damage)
             ... on level 4 of the Dungeon.
             The game lasted 00:12:35 (5623 turns).

Garessta the Conjurer (Demonspawn Conjurer)         Turns: 5623, Time: 00:12:36

Health: 0/46       AC:  5    Str:  8    XL:     7   Next: 17%
Magic:  9/13       EV: 12    Int: 21    God:
Gold:   202        SH:  5    Dex: 11    Spells: 11/14 levels left

rFire    . . .     SeeInvis .   n - +1 spear (vorpal)
rCold    . . .     Faith    .   (no shield)
rNeg     . . .     Spirit   .   a - +0 robe
rPois    .         Reflect  +   h - +2 helmet
rElec    .         Harm     .   (no cloak)
rCorr    .         Rampage  .   (no gloves)
Will     .....                  (no boots)
Stlth    ++........             l - amulet of reflection
HPRegen  0.15/turn              (no ring)
MPRegen  0.13/turn              (no ring)

@: no status effects
A: talons 2
a: no special abilities


You were on level 4 of the Dungeon.
You visited 1 branch of the dungeon, and saw 4 of its levels.

You collected 202 gold pieces.

Inventory:

Hand Weapons
 e - a +0 dagger
 n - a +1 vorpal spear (weapon)
Armour
 a - a +0 robe (worn)
 h - a +2 helmet (worn)
Jewellery
 b - a ring of fire
 l - an amulet of reflection (around neck)
Wands
 p - a wand of flame (31)
 t - a wand of paralysis (6)
Scrolls
 m - a scroll of magic mapping
 o - 3 scrolls of amnesia
Potions
 c - a potion of heal wounds
 d - a potion of brilliance
 f - a potion of attraction {unknown}
 q - a potion of lignification {unknown}
 r - a potion of might {unknown}


   Skills:
 - Level 1.7 Dodging
 - Level 1.7 Stealth
 + Level 4.4 Spellcasting
 * Level 7.5 Conjurations


You had 11 spell levels left.
You knew the following spells:

 Your Spells              Type           Power      Damage    Failure   Level
a - Magic Dart            Conj           100%       1d8       1%          1
b - Searing Ray           Conj           72%        3d6       1%          2

Your spell library contained the following spells:

 Spells                   Type           Power      Damage    Failure   Level
 Dazzling Flash           Conj/Hex       40%        N/A       8%          3
 Stone Arrow              Conj/Erth      40%        3d9       8%          3
 Fulminant Prism          Conj/Hex       10%        3d9       24%         4
 Iskenderun's Mystic Bla  Conj/Tloc      20%        2d6       24%         4
 Bolt of Magma            Conj/Fire/Erth 7%         4d6       75%         5
 Shatter                  Erth           2%         3d6*      100%        9


Dungeon Overview and Level Annotations

Branches:
Dungeon (4/15)
 Temple: D:4-7

Altars:

Shops:
D:3 (   D:4 [

Annotations:
D:4 Duvessa


Innate Abilities, Weirdness & Mutations

You have razor-sharp toenails.


Message History

The jackal barks!
A jackal is nearby!
Casting: Magic Dart (safe; 1% risk of failure)
Confirm with . or Enter, or press ? or * to list all spells.
Aiming: Magic Dart (safe; 1% risk of failure)
Press: ? - help, Shift-Dir - straight line, f/p - jackal
Aim: a jackal (severely wounded, wandering, hasn't noticed you, 100% to hit)
The magic dart hits the jackal.
You kill the jackal!
There is an open gate here.
Duvessa is nearby!
Casting: Magic Dart (safe; 1% risk of failure)
Confirm with . or Enter, or press ? or * to list all spells.
Aiming: Searing Ray (safe; 1% risk of failure)
Press: ? - help, Shift-Dir - straight line, f - Duvessa
Aim: Duvessa, wielding a +0 short sword and wearing a +4 scale mail of poison resistance (wandering, hasn't noticed you, 86% to hit)
The searing ray hits Duvessa.
Duvessa is lightly wounded.
Duvessa shouts! (Press . to maintain the ray.) Duvessa goes berserk!
The searing ray hits Duvessa.
Duvessa is lightly wounded.
Duvessa hits you with a +0 short sword.
The searing ray hits Duvessa!
Duvessa is moderately wounded.
Duvessa hits you with a +0 short sword. Duvessa hits you with a +0 short sword!
The searing ray hits Duvessa.
Duvessa is moderately wounded.
You finish channeling your searing ray.
Duvessa barely misses you. Duvessa hits you with a +0 short sword!
Duvessa closely misses you. Duvessa hits you with a +0 short sword!
* * * LOW HITPOINT WARNING * * *
Okay, then.
Duvessa rages.
Duvessa hits you with a +0 short sword.
* * * LOW HITPOINT WARNING * * *
Duvessa rages.
Duvessa hits you with a +0 short sword!
You die...

##...§≈§§###≈§≈§...#
#§§.≈§§≈## ##≈≈≈≈..§
#§§.§§≈## ##≈≈≈...
#...≈§## ##≈≈...
#...≈§# #§≈...
#...§§## ##§§...
#...≈≈§## ##≈§§...
#≈..≈≈§≈## ##§≈≈≈..≈
##.@.§≈≈§###§§≈≈...#
##.e.≈≈§§≈≈≈≈≈...##
##...≈≈≈§≈§§...###
##..§...§....##.#
##....§....###..
*##§.....≈## ###
**,###'''### ####
*,.,#....#####)..
**#...###..†...##


You could see Duvessa (berserk).

Vanquished Creatures
  Sigmund (D:4)
  A phantom (D:3)
  2 scorpions
  Dowan (D:4)
  An iguana (D:4)
  Robin (D:4)
  4 gnolls (D:2)
  4 adders
  3 worms (D:2)
  9 ball pythons
  4 bats
  6 endoplasms
  3 giant cockroaches
  4 hobgoblins
  11 jackals
  2 quokkas
  2 frilled lizards
  16 goblins
  6 kobolds
  6 rats
87 creatures vanquished.

Notes
Turn   | Place    | Note
-------+----------+-------------------------------------------
     0 | D:1      | Garessta the Demonspawn Conjurer began the quest for the
                  | Orb.
     0 | D:1      | Reached XP level 1. HP: 13/13 MP: 3/3
   666 | D:1      | Gained mutation: You have sharp toenails. [demonic
                  | ancestry]
   666 | D:1      | Reached XP level 2. HP: 19/19 MP: 1/5
   669 | D:1      | Learned a level 2 spell: Searing Ray
  1847 | D:2      | Reached XP level 3. HP: 24/24 MP: 0/6
  1952 | D:2      | Found a faded altar of an unknown god.
  1982 | D:2      | Reached skill level 5 in Conjurations
  2319 | D:2      | Gained mutation: You have razor-sharp toenails. [demonic
                  | ancestry]
  2319 | D:2      | Reached XP level 4. HP: 29/30 MP: 2/8
  3922 | D:3      | Found Tyergh's Antique Weapon Shop.
  3973 | D:3      | Noticed a phantom
  3983 | D:3      | Killed a phantom
  3984 | D:3      | Reached skill level 6 in Conjurations
  3984 | D:3      | Reached XP level 5. HP: 29/35 MP: 0/10
  4478 | D:4      | Found Woruoterch's Antique Armour Shop.
  4653 | D:4      | Reached XP level 6. HP: 41/41 MP: 2/11
  5119 | D:4      | Noticed Sigmund
  5133 | D:4      | Killed Sigmund
  5134 | D:4      | Reached skill level 7 in Conjurations
  5134 | D:4      | Reached XP level 7. HP: 38/46 MP: 0/13
  5206 | D:4      | Noticed Robin
  5351 | D:4      | Killed Robin
  5475 | D:4      | Noticed Dowan
  5476 | D:4      | Noticed Duvessa
  5490 | D:4      | Killed Dowan
  5623 | D:4      | Slain by Duvessa

Illustrated notes

Levels and vault maps discovered:
D:1:      heliophobic_arrival_enchanted_forest, layout_basic
D:2:      layout_loops_corners, ebering_ecumenical_altar_mist,
          minmay_misc_feat_rugged
D:3:      layout_loops_corners, serial_shops, nicolae_square_shop
D:4:      layout_rooms, nicolae_stop_n_shop_2, nrook_uturn, kennysheep_donut,
          hangedman_decor_riveting, chequers_serial_rivers_room_b, uniq_sigmund,
          uniq_robin, uniq_duvessa, uniq_grinder

Skill      XL: |  1  2  3  4  5  6 |
---------------+-------------------+-----
Conjurations   | 5 6 7 |  7.5
Spellcasting   | 3 4 |  4.4
Dodging        | |  1.7
Stealth        | |  1.7

Action                   |  1- 3 |  4- 6 |  7- 9 || total
-------------------------+-------+-------+-------++-------
Melee: Dagger            |     5 |       |       ||     5
       Kick              |     1 |       |       ||     1
       Spear             |       |     5 |       ||     5
 Cast: Magic Dart        |    40 |    47 |    23 ||   110
       Searing Ray       |     7 |    21 |     5 ||    33
  Use: Scroll            |       |     8 |       ||     8
       Potion            |       |     1 |       ||     1
Armor: Robe              |     4 |     8 |       ||    12
Dodge: Dodged            |     7 |    13 |     2 ||    22
Block: Other             |       |     4 |     1 ||     5
       Reflection        |       |       |     1 ||     1
